 Dungeon Crawl Stone Soup version 0.28-a0-796-gd4f0d3f9b2 (webtiles) character file.

Game seed: 10128201701770378319

21 Glokmah the Poker (level 2, 0/29 HPs)
             Began as a Gnoll Cinder Acolyte on Nov 6, 2021.
             Was a High Priest of Ignis.
             Slain by a rat (3 damage)
             ... on level 1 of the Dungeon.
             The game lasted 00:01:28 (363 turns).

Glokmah the Poker (Gnoll Cinder Acolyte)             Turns: 363, Time: 00:01:28

Health: 0/29       AC:  2    Str: 13    XL:     2   Next: 83%
Magic:  5/5        EV: 11    Int: 13    God:    Ignis [*****.]
Gold:   4          SH:  0    Dex:  7    Spells: 6/6 levels left

rFire   + . .      SeeInvis .   a - -1 spear (flame)
rCold   + . .      Faith    .   (no shield)
rNeg    . . .      Spirit   .   b - +0 robe
rPois   .          Reflect  .   (no helmet)
rElec   .          Harm     .   (no cloak)
rCorr   .          Rampage  .   (no gloves)
Will    .....                   (no boots)
Stlth   +.........              (no amulet)
HPRegen 0.09/turn               d - ring of protection from cold
MPRegen 0.09/turn               (no ring)

@: no status effects
A: fangs 1, strong nose, distributed training
a: Renounce Religion, Sea of Fire, Foxfire Swarm, Rising Flame


You were on level 1 of the Dungeon.
You worshipped Ignis.
Ignis was extremely pleased with you.
You visited 1 branch of the dungeon, and saw 1 of its levels.

You collected 4 gold pieces.

Inventory:

Hand Weapons
 a - a -1 spear of flaming (weapon)
Armour
 b - a +0 robe (worn)
Jewellery
 d - a ring of protection from cold (left hand)
Scrolls
 c - a scroll of identify {unknown}
 e - a scroll of fear {unknown}


   Skills:
 + Level 6.5 Fighting
 + Level 0.5 Short Blades
 + Level 0.5 Long Blades
 + Level 0.5 Axes
 + Level 0.5 Maces & Flails
 + Level 6.5 Polearms
 + Level 0.5 Staves
 + Level 0.5 Slings
 + Level 0.5 Bows
 + Level 0.5 Crossbows
 + Level 0.5 Throwing
 + Level 0.5 Armour
 + Level 0.5 Dodging
 + Level 0.5 Stealth
 + Level 0.5 Shields
 + Level 0.5 Unarmed Combat
 + Level 2.7 Spellcasting
 + Level 0.3 Conjurations
 + Level 0.3 Hexes
 + Level 0.3 Summonings
 + Level 0.3 Necromancy
 + Level 0.3 Translocations
 + Level 0.3 Transmutations
 + Level 5.3 Fire Magic
 + Level 0.3 Ice Magic
 + Level 0.3 Air Magic
 + Level 0.3 Earth Magic
 + Level 0.3 Poison Magic
 + Level 0.6 Invocations
 + Level 0.5 Evocations


You had 6 spell levels left.
You didn't know any spells.
Your spell library contained the following spells:

 Spells                   Type           Power      Damage    Failure   Level
 Scorch                   Fire           30%        2d6       3%          2


Dungeon Overview and Level Annotations

Branches:
Dungeon (1/15)

Altars:


Innate Abilities, Weirdness & Mutations

You have very sharp teeth.
Your uncanny sense of smell can sniff out nearby items.
Your experience applies equally to all skills.


Message History

You reach to attack!
You completely miss the bat. The bat closely misses you.
You miss the bat. The bat misses you. The bat barely misses you.
You hit the bat but do no damage. You bite the bat.
The bat is moderately wounded.
The bat hits you but does no damage.
You reach to attack!
You hit the bat but do no damage.
The bat is moderately wounded.
The bat hits you but does no damage.
You miss the bat.
The bat is moderately wounded.
The bat closely misses you. The bat barely misses you.
You miss the bat. Your bite misses the bat.
The bat is moderately wounded.
The bat hits you.
You reach to attack!
You hit the bat. You burn the bat.
You kill the bat!
No target in view!
No target in view!
A gnoll comes into view. It is wielding a +0 spear.
The gnoll shouts!
You reach to attack!
You hit the gnoll but do no damage.
The gnoll hits you from afar with a +0 spear.
You reach to attack!
You hit the gnoll. You burn the gnoll.
The gnoll is moderately wounded.
The gnoll hits you from afar with a +0 spear.
You reach to attack!
You barely miss the gnoll.
The gnoll is moderately wounded.
The gnoll hits you from afar with a +0 spear.
You are too injured to fight recklessly!
You are too injured to fight recklessly!
You are too injured to fight recklessly!
You are too injured to fight recklessly!
A rat comes into view.
The rat bites you. The gnoll closely misses you.
You see here a bat corpse.
The gnoll hits you from afar with a +0 spear!
* * * LOW HITPOINT WARNING * * *
The rat bites you.
You die...

######### ##.......#
#........#######
#........@.....##
#......gr#.###..####
##.......#.#.##....#######
#..†..†.#.##.#.....#.....
#########.......#..##......(.....
................##.....##........
................##....#.##.......
......................##.#.......
...........(....#####).###.#.....


You could see a gnoll and a rat.

Vanquished Creatures
  A ball python (D:1)
  3 endoplasms (D:1)
  A giant cockroach (D:1)
  3 goblins (D:1)
  4 hobgoblins (D:1)
  A quokka (D:1)
  A bat (D:1)
  A frilled lizard (D:1)
  A kobold (D:1)
  A rat (D:1)
17 creatures vanquished.

Notes
Turn   | Place    | Note
-------+----------+-------------------------------------------
     0 | D:1      | Glokmah the Gnoll Cinder Acolyte began the quest for the
                  | Orb.
     0 | D:1      | Reached XP level 1. HP: 23/23 MP: 4/4
   177 | D:1      | Reached XP level 2. HP: 29/29 MP: 5/5
   363 | D:1      | Slain by a rat

Illustrated notes

Levels and vault maps discovered:
D:1:      shiori_shiawase, layout_basic, minmay_bisected

Action                   || total
-------------------------++-------
Melee: Spear             ||    57
       Bite              ||     1
Armor: Robe              ||    11
Dodge: Dodged            ||    20

Table legend: (Time is in decaauts)
 A = Elapsed time spent in this place.
 B = Non-inter-level travel time spent in this place.
 C = Inter-level travel time spent in this place.
 D = Time resting spent in this place.
 E = Time spent auto-exploring this place.
 F = Levels seen in this place.
 G = Mean time per level.
                   A        B        C        D        E       F      G
               +--------+--------+--------+--------+--------+-----+--------+
         Total |    350 |    350 |      0 |      0 |    227 |   1 |  350.0 |
       Dungeon |    350 |    350 |      0 |      0 |    227 |   1 |  350.0 |
               +--------+--------+--------+--------+--------+-----+--------+

Top non-repeatable levels by time:
     D:1: 350 daAuts
